 Dungeon Crawl Stone Soup version 0.26-a0-259-g1effd001a9 (webtiles) character file.

Game seed: 8435005636658416501

193 Goblin1989 the Ruffian (level 5, -2/53 HPs)
             Began as a Troll Fighter on July 14, 2020.
             Was an Initiate of Gozag.
             Killed by nerve-wracking pain
             ... invoked by an orc priest
              (10 damage)
             ... on level 3 of the Dungeon.
             The game lasted 00:02:46 (2092 turns).

Goblin1989 the Ruffian (Troll Fighter)              Turns: 2092, Time: 00:02:47

Health: -2/53      AC:  6    Str: 24    XL:     5   Next: 43%
Magic:  0/4        EV:  8    Int:  5    God:    Gozag
Gold:   256        SH:  9    Dex:  9    Spells: 4/4 levels left

rFire    . . .     SeeInvis .     - Unarmed
rCold    . . .     Faith    .   b - +0 kite shield
rNeg     . . .     Spirit   +   a - +0 robe
rPois    .         Reflect  .   (helmet restricted)
rElec    .         Harm     .   (no cloak)
rCorr    .                      (gloves unavailable)
MR       .....                  (boots unavailable)
Stlth    +.........             o - amulet of guardian spirit
HPRegen  0.57/turn              (no ring)
MPRegen  0.09/turn              (no ring)

@: mighty, lethally poisoned (-2 -> -3)
A: large, unfitting armour, claws 3, fast metabolism 1, regeneration 1, shaggy
fur 1, tough skin 3
a: Potion Petition, Call Merchant, Bribe Branch, Renounce Religion


You were on level 3 of the Dungeon.
You worshipped Gozag.
Gozag was aware of your devotion.
You were not hungry.

You visited 1 branch of the dungeon, and saw 3 of its levels.

You collected 293 gold pieces.
You paid 37 gold pieces to Gozag.

Inventory:

Armour
 a - a +0 robe (worn)
 b - a +0 kite shield (worn)
Jewellery
 o - an amulet of guardian spirit (around neck)
Scrolls
 n - a scroll of teleportation {unknown}
 p - a scroll of random uselessness {unknown}
 q - a scroll of fog {unknown}
 r - a scroll of fear {unknown}
 s - 2 scrolls of blinking {unknown}
 t - a scroll of noise {unknown}
Potions
 f - 5 potions of curing {unknown}
 g - a potion of berserk rage
 j - a potion of haste {unknown}
 k - a potion of heal wounds {unknown}
 l - a potion of mutation {unknown}
 u - a potion of stabbing {unknown}
Comestibles
 e - 14 rations


   Skills:
 + Level 3.1 Fighting
 + Level 3.1 Dodging
 + Level 3.1 Shields
 * Level 3.9 Unarmed Combat


You had 4 spell levels left.
You didn't know any spells.
Your spell library contained the following spells:

 Spells                   Type           Power        Failure   Level
 Animate Skeleton         Necr           #.....       88%         1
 Pain                     Necr           #...         88%         1
 Vampiric Draining        Necr           #.........   99%         3
 Animate Dead             Necr           #.........   100%        4
 Agony                    Necr           #.......     100%        5


Dungeon Overview and Level Annotations

Branches:
Dungeon (3/15)

Altars:
Gozag


Innate Abilities, Weirdness & Mutations

You are too large for most types of armour.
You have claws for hands.
You have a fast metabolism.
Your natural rate of healing is unusually fast.
You are covered in fur. (AC +1)
You have extremely tough skin. (AC +3)


Message History

No target in view!
No target in view!
No target in view!
You now have 256 gold pieces (gained 8).
u - a black potion
s - 2 scrolls labeled WONUARRAUD (gained 1)
An orc priest comes into view. It is wielding a +0 club.
An orc priest is nearby!
An orc priest is nearby!
An adder and an orc come into view.
The orc shouts!
The orc priest shouts!
The adder hisses angrily.
Found a scale mail.
You scratch the orc priest.
The orc priest is moderately wounded.
You closely miss the orc priest.
The orc priest is moderately wounded.
The orc priest closely misses you.
A rat comes into view.
An orc comes into view. It is wielding a +0 dagger.
You scratch the orc priest.
The orc priest is moderately wounded.
You block the orc's attack.
A worm comes into view.
You block the orc priest's attack.
You scratch the orc priest but do no damage.
The orc priest is moderately wounded.
A rat comes into view.
The orc closely misses you.
The orc priest invokes the aid of Beogh against you.
Pain shoots through your body!
You take 12 damage, and have 41/53 hp.
MASSIVE DAMAGE!!
You now have 3/4 mp.
You scratch the orc priest.
The orc priest is heavily wounded.
You block the adder's attack. You block the orc priest's attack.
The orc closely misses you. The adder closely misses you.
You closely miss the orc priest.
The orc priest is heavily wounded.
You block the adder's attack. The orc hits you but does no damage.
The orc priest mumbles some strange prayers to Beogh against you.
Pain shoots through your body!
You closely miss the orc priest.
The orc priest is heavily wounded.
The adder barely misses you.
The orc priest invokes the aid of Beogh against you.
You barely resist. The orc hits you but does no damage.
The adder barely misses you.
You take 10 damage, and have 32/53 hp.
Your shield prevents you from hitting the orc priest.
The orc priest is heavily wounded.
You block the adder's attack.
The orc priest looks encouraged for a moment.
The orc hits you with a +0 club.
You take 3 damage, and have 29/53 hp.
You are too injured to fight recklessly!
You are too injured to fight recklessly!
You are too injured to fight recklessly!
You are too injured to fight recklessly!
You are too injured to fight recklessly!
You are too injured to fight recklessly!
You are too injured to fight recklessly!
You are too injured to fight recklessly!
You are too injured to fight recklessly!
You are too injured to fight recklessly!
You are too injured to fight recklessly!
You are too injured to fight recklessly!
You are too injured to fight recklessly!
You are too injured to fight recklessly!
You are too injured to fight recklessly!
You are too injured to fight recklessly!
You barely miss the orc priest.
The orc priest is heavily wounded.
The adder bites you.
The orc priest hits you but does no damage.
You block the orc's attack.
You take 4 damage, and have 25/53 hp.
You now have 2/4 mp.
Your shield prevents you from hitting the orc priest.
The orc priest is heavily wounded.
The adder bites you but does no damage. You block the orc priest's attack.
The adder bites you but does no damage. The orc hits you with a +0 club.
* * * LOW HITPOINT WARNING * * *
You take 2 damage, and have 23/53 hp.
Unknown command.
Your shield prevents you from hitting the orc priest.
The orc priest is heavily wounded.
You block the adder's attack.
The orc priest mumbles some strange prayers to Beogh against you.
Beogh smites you!
* * * LOW HITPOINT WARNING * * *
You take 10 damage, and have 13/53 hp.
You now have 1/4 mp.
You feel very mighty all of a sudden. The orc hits you with a +0 club.
* * * LOW HITPOINT WARNING * * *
The adder bites you.
* * * LOW HITPOINT WARNING * * *
You are poisoned.
The adder poisons you!
The orc priest mumbles some strange prayers to Beogh against you.
Pain shoots through your body!
You die...
Your body crumbles into a pile of gold. ██████

█....█ ██.███████
████....███
.........████..........
█████.................
█.██.███..........
█.██..██..........
█@███.███████.████
.....rooS.[.███████.....
......ro.w..............
███.███......██████.....
.. █........ █..... █.
......... █..... █
█.██..... █..... █.█
..... ██.... █....


You could see a worm, an orc priest, an adder, 2 orcs and 2 rats.

Vanquished Creatures
  A howler monkey (D:3)
  A gnoll shaman (D:3)
  5 gnolls (D:3)
  4 adders
  An ooze (D:1)
  A dart slug (D:2)
  3 orcs (D:3)
  6 goblins
  5 hobgoblins
  A jackal (D:3)
  A ball python (D:1)
  5 bats
  4 frilled lizards
  2 kobolds
  5 rats
45 creatures vanquished.

Notes
Turn   | Place    | Note
-------+----------+-------------------------------------------
     0 | D:1      | Goblin1989 the Troll Fighter began the quest for the Orb.
     0 | D:1      | Reached XP level 1. HP: 22/22 MP: 0/0
   407 | D:1      | Reached XP level 2. HP: 27/29 MP: 1/1
  1014 | D:2      | Reached XP level 3. HP: 36/36 MP: 2/2
  1292 | D:2      | Found an opulent altar of Gozag.
  1317 | D:2      | Became a worshipper of Gozag Ym Sagoz the Greedy
  1590 | D:3      | Reached XP level 4. HP: 44/44 MP: 3/3
  1808 | D:3      | Reached XP level 5. HP: 47/53 MP: 2/4
  2092 | D:3      | Killed from afar by an orc priest

Illustrated notes

Levels and vault maps discovered:
D:1:      psy_arrival_conway, layout_loops_corners,
          minmay_misc_feat_four_crosses, hangedman_decor_growths,
          minmay_tromino_v4_c
D:2:      layout_loops_cross, lemuel_round_altar, first_ration
D:3:      layout_basic, nicolae_ashenzari_panopticon, minmay_checkerbox,
          uniq_terence

Skill      XL: |  1  2  3  4 |
---------------+-------------+-----
Unarmed Combat | 3 |  3.9
Fighting       | 3 |  3.1
Dodging        | 3 |  3.1
Shields        | 3 |  3.1

Action                   |  1- 3 |  4- 6 || total
-------------------------+-------+-------++-------
Melee: Unarmed           |    78 |    64 ||   142
  Use: Scroll            |     2 |       ||     2
       Potion            |       |     1 ||     1
 Stab: Sleeping          |     2 |       ||     2
       Distracted        |       |     1 ||     1
  Eat: Ration            |     1 |     1 ||     2
Armor: Robe              |    29 |    14 ||    43
Dodge: Dodged            |    16 |    27 ||    43
Block: Kite shield       |    31 |    36 ||    67

Table legend:
 A = Non-vault XP
 B = Vault XP
 C = Vault XP percentage of total XP
 D = Non-vault monster count
 E = Vault monster count
 F = Vault count percentage of total count
                 A         B        C        D         E       F
            +---------+---------+-------+---------+---------+-------
      Total |     275 |       1 |   0.4 |      44 |       1 |   2.2
            +---------+---------+-------+---------+---------+-------
        D:1 |      23 |       1 |   4.2 |      13 |       1 |   7.1
        D:2 |      40 |       0 |   0.0 |      10 |       0 |   0.0
        D:3 |     212 |       0 |   0.0 |      21 |       0 |   0.0
            +---------+---------+-------+---------+---------+-------
